 Dungeon Crawl Stone Soup version 0.30-a0-953-g5f1da4a474 (webtiles) character file.

Game seed: 14382583165487133088

2673669 ragingrage the Hoplite (level 27, 271/271 HPs)
             Began as an Armataur Monk on Mar 26, 2023.
             Was a High Priest of Okawaru.
             Escaped with the Orb
             ... and 5 runes on Mar 29, 2023!
             The game lasted 02:50:05 (91495 turns).

ragingrage the Hoplite (Armataur Monk)             Turns: 91495, Time: 02:50:06

Health: 271/271    AC: 61    Str: 28 (29) XL:     27
Magic:  32/32      EV: 15    Int: 15 (18) God:    Okawaru [*****.]
Gold:   212        SH: 34    Dex: 26      Spells: 21/30 levels left

rFire   + + .      SeeInvis +    b - +8 mithril axe "Arga" {speed, Will+}
rCold   + . .      Faith    .    Y - +2 tower shield {AC+3}
rNeg    . . .      Spirit   .    R - +12 gold dragon scales
rPois   +          Reflect  +    q - +2 helmet
rElec   +          Roll     +    H - +2 cloak of Zaduemaj {Str+3 Dex+2}
rCorr   +                        J - +2 pair of gloves
Will    +++++                    P - +4 barding of Voracious Knowledge {rCorr Dex+3} Stlth
                                 p - amulet of Equilibrium {Reflect Drain Regen+ Int+7 Slay+2 SH+5}
HPRegen 1.45/turn                j - ring "Dutayr" {Will+++ EV+5}
MPRegen 0.23/turn                X - ring of Suspicion {rElec rF+ Dex+4 SInv Stlth-}

@: no status effects
A: large, rugged brown scales 3, deformed body, armoured tail, roll, long
tongue, awkward tongue, strong-willed 1, mutation resistance 1
0: Orb of Zot
}: 5/15 runes: serpentine, barnacled, slimy, silver, abyssal
a: Renounce Religion, Heroism, Finesse, Duel


You escaped.
You worshipped Okawaru.
Okawaru was extremely pleased with you.
You visited 12 branches of the dungeon, and saw 56 of its levels.
You visited the Abyss 3 times.
You visited 1 bazaar.
You also visited: Trove, Gauntlet and Ice Cave.

You collected 8952 gold pieces.
You spent 8740 gold pieces at shops.

Inventory:

Hand Weapons
 a - the +8 trishula "Condemnation" {holy, anguish, *Noise Fly rN+}
   (You took it off a vault warden on level 5 of the Vaults)

   rN:        It protects you from negative energy.
   Fly:       It grants you flight.
   *Noise:    It may make noises in combat.
 b - the +8 mithril axe "Arga" (weapon) {speed, Will+}
   (You found it on level 3 of the Depths)

   Will:      It increases your willpower.
Missiles
 l - 9 silver boomerangs (quivered)
 o - 7 throwing nets
 u - 38 javelins
 x - 17 boomerangs
 K - 9 curare-tipped darts
 W - 19 silver javelins
Armour
 q - a +2 helmet (worn)
 H - the +2 cloak of Zaduemaj (worn) {Str+3 Dex+2}
   (Okawaru gifted it to you on level 14 of the Dungeon)

   Str:       It affects your strength (+3).
   Dex:       It affects your dexterity (+2).
 J - a +2 pair of gloves (worn)
 P - the +4 barding of Voracious Knowledge (worn) {rCorr Dex+3}
   (Okawaru gifted it to you on level 1 of the Lair of Beasts)

   Dex:       It affects your dexterity (+3).
   rCorr:     It protects you from acid and corrosion.
 R - +12 gold dragon scales (worn)
 Y - a +2 tower shield of protection (worn)
Jewellery
 j - the ring "Dutayr" (left hand) {Will+++ EV+5}
   (You bought it in a shop on level 3 of the Snake Pit)

   [ring of evasion]

   EV:        It affects your evasion (+5).
   Will:      It greatly increases your willpower.
 p - the amulet of Equilibrium (around neck) {Reflect Drain Regen+ Int+7 Slay+2 SH+5}
   (You acquired it on level 2 of the Vaults)

   [amulet of reflection]

   It reflects blocked missile attacks.
   Int:       It affects your intelligence (+7).
   Slay:      It affects your accuracy & damage with ranged weapons and melee
   (+2).
   Regen:     It increases your rate of health regeneration.
   Drain:     It drains your maximum health when unequipped.
   SH:        It affects your SH (+5).
 A - the ring of Sihiugae {rN+ Dex+5}
   (You found it on level 3 of the Crypt)

   [ring of positive energy]

   Dex:       It affects your dexterity (+5).
   rN:        It protects you from negative energy.
 X - the ring of Suspicion (right hand) {rElec rF+ Dex+4 SInv Stlth-}
   (You bought it in a shop on level 3 of the Snake Pit)

   [ring of see invisible]

   Dex:       It affects your dexterity (+4).
   rF:        It protects you from fire.
   rElec:     It insulates you from electricity.
   SInv:      It lets you see invisible.
   Stlth:     It makes you less stealthy.
Wands
 k - a wand of acid (14)
 t - a wand of digging (8)
 D - a wand of paralysis (24)
 G - a wand of roots (19)
Scrolls
 d - 20 scrolls of teleportation
 i - 15 scrolls of vulnerability
 m - 4 scrolls of magic mapping
 n - 11 scrolls of fog
 w - 9 scrolls of poison
 y - 4 scrolls of immolation
 z - 9 scrolls of blinking
 C - 16 scrolls of fear
 N - 3 scrolls of enchant weapon
 V - a scroll of silence
Potions
 c - 8 potions of cancellation
 g - 11 potions of lignification
 h - 11 potions of attraction
 r - 4 potions of resistance
 s - 3 potions of haste
 v - 9 potions of ambrosia
 E - 3 potions of berserk rage
 F - 2 potions of might
 I - 13 potions of brilliance
 L - 13 potions of curing
 M - 7 potions of flight
 O - 17 potions of heal wounds
 S - 9 potions of mutation
 Z - 6 potions of magic
Miscellaneous
 f - a lightning rod (4/4)
 B - a condenser vane
 Q - a phial of floods
 T - a piece from Xom's chessboard (15/15)
 U - a tin of tremorstones (2/2)


   Skills:
 - Level 22.0 Fighting
 - Level 3.5 Long Blades
 - Level 15.6(18.0) Axes
 - Level 16.0(19.0) Maces & Flails
 - Level 16.0 Throwing
 - Level 24.0 Armour
 - Level 11.7 Dodging
 - Level 7.0 Stealth
 + Level 24.2 Shields
 - Level 2.0 Spellcasting
 - Level 9.0 Translocations
 - Level 6.0 Air Magic
 - Level 13.0 Invocations
 - Level 15.2 Evocations


You had 21 spell levels left.
You knew the following spells:

 Your Spells              Type           Power      Damage    Failure   Level
a - Vhi's Electric Charg  Tloc/Air       48%        N/A       30%         3
b - Apportation           Tloc           56%        N/A       5%          1
c - Blink                 Tloc           56%        N/A       9%          2
d - Portal Projectile     Hex/Tloc       30%        N/A       71%         3

Your spell library contained the following spells:

 Spells                   Type           Power      Damage    Failure   Level
 Teleport Other           Tloc           28%        N/A       16%         3
 Manifold Assault         Tloc           28%        N/A       47%         4
 Passage of Golubria      Tloc           28%        N/A       47%         4
 Kindle Blastsparks       Fire/Tloc/Air  32%        2d12      63%         3
 Poisonous Vapours        Pois/Air       20%        N/A       67%         2
 Cigotuvi's Dreadful Rot  Necr/Pois/Air  14%        N/A       82%         2
 Airstrike                Air            9%         2d(2-18)  88%         4
 Foxfire                  Conj/Fire      4%         2x1d2     91%         1
 Freeze                   Ice            4%         1d3       91%         1
 Kiss of Death            Conj/Necr      4%         2d5       91%         1
 Magic Dart               Conj           4%         1d3       91%         1
 Necrotise                Necr           4%         1d4       91%         1
 Sandblast                Erth           2%         2d4       91%         1
 Mephitic Cloud           Conj/Pois/Air  7%         N/A       96%         3
 Sublimation of Blood     Necr           1%         N/A       97%         2
 Iskenderun's Mystic Bla  Conj/Tloc      15%        2d5       98%         4
 Confusing Touch          Hex            1%         N/A       100%        3
 Dazzling Flash           Conj/Hex       2%         N/A       100%        3
 Frozen Ramparts          Ice            2%         1d1       100%        3
 Hailstorm                Conj/Ice       1%         3d3       100%        3
 Ignite Poison            Fire/Tmut/Pois 1%         N/A       100%        3
 Inner Flame              Hex/Fire       1%         N/A       100%        3
 Ozocubu's Armour         Ice            1%         N/A       100%        3
 Stone Arrow              Conj/Erth      2%         3d7       100%        3
 Vampiric Draining        Necr           1%         2d6       100%        3
 Anguish                  Hex/Necr       0%         N/A       100%        4
 Cause Fear               Hex            0%         N/A       100%        4
 Dispel Undead            Necr           1%         3d6       100%        4
 Flame Wave               Conj/Fire      1%         2d4       100%        4
 Fulminant Prism          Conj/Hex       0%         3d5       100%        4
 Ice Form                 Ice/Tmut       1%         N/A       100%        4
 Leda's Liquefaction      Hex/Erth       0%         N/A       100%        4
 Petrify                  Tmut/Erth      1%         N/A       100%        4
 Sticky Flame             Conj/Fire      1%         2d3       100%        4
 Agony                    Necr           1%         N/A       100%        5
 Alistair's Intoxication  Tmut/Pois      0%         N/A       100%        5
 Arcjolt                  Conj/Air       5%         1d15      100%        5
 Blade Hands              Tmut           0%         N/A       100%        5
 Fireball                 Conj/Fire      0%         3d3       100%        5
 Freezing Cloud           Conj/Ice/Air   3%         6-21      100%        5
 Iskenderun's Battlesphe  Conj           1%         2d6       100%        5
 Lee's Rapid Deconstruct  Erth           0%         3d4*      100%        5
 Metabolic Englaciation   Hex/Ice        0%         N/A       100%        5
 Plasma Beam              Fire/Air       5%         2x1d11    100%        5
 Silence                  Hex/Air        5%         N/A       100%        5
 Yara's Violent Unravell  Hex/Tmut       0%         3d3       100%        5
 Conjure Ball Lightning   Conj/Air       5%         3x3d6     100%        6
 Dispersal                Tloc           14%        N/A       100%        6
 Iron Shot                Conj/Erth      0%         9d1       100%        6
 Starburst                Conj/Fire      0%         6d3       100%        6
 Statue Form              Tmut/Erth      0%         N/A       100%        6
 Dragon Form              Tmut           0%         N/A       100%        7
 Enfeeble                 Hex            0%         N/A       100%        7
 Orb of Destruction       Conj           0%         9d5       100%        7
 Ozocubu's Refrigeration  Ice            0%         4d7       100%        7
 Borgnjor's Revivificati  Necr           0%         N/A       100%        8
 Discord                  Hex            0%         N/A       100%        8
 Disjunction              Tloc           14%        N/A       100%        8
 Lehudib's Crystal Spear  Conj/Erth      0%         10d2      100%        8
 Maxwell's Capacitive Co  Air            9%         ∞         100%        8
 Necromutation            Tmut/Necr      0%         N/A       100%        8
 Chain Lightning          Conj/Air       5%         3d6       100%        9
 Death's Door             Necr           0%         N/A       100%        9
 Fire Storm               Conj/Fire      0%         6d1       100%        9
 Shatter                  Erth           0%         3d5*      100%        9
 Summon Small Mammal      Summ           Unusable   N/A       N/A         1
 Call Imp                 Summ           Unusable   N/A       N/A         2
 Summon Lightning Spire   Summ/Air       Unusable   N/A       N/A         4
 Call Canine Familiar     Summ           Unusable   N/A       N/A         3
 Summon Guardian Golem    Hex/Summ       Unusable   N/A       N/A         3
 Tukima's Dance           Hex            Unusable   N/A       N/A         3
 Animate Armour           Summ/Erth      Unusable   N/A       N/A         4
 Animate Dead             Necr           Unusable   N/A       N/A         4
 Summon Forest            Summ/Tloc      Unusable   N/A       N/A         5
 Simulacrum               Ice/Necr       Unusable   N/A       N/A         6
 Malign Gateway           Summ/Tloc      Unusable   N/A       N/A         7
 Spellforged Servitor     Conj/Summ      Unusable   N/A       N/A         7
 Dragon's Call            Summ           Unusable   N/A       N/A         9

Dungeon Overview and Level Annotations

Branches:
Dungeon (15/15)            Temple (1/1) D:7            Lair (5/5) D:9
 Shoals (4/4) Lair:2        Snake (4/4) Lair:2        Slime (5/5) Lair:4
    Orc (2/2) D:11            Elf (3/3) Orc:2        Vaults (5/5) D:14
  Crypt (3/3) Vaults:2       Tomb (0/3) Crypt:3      Depths (4/4) D:15
    Zot (5/5) Depths:4      IceCv (visited)         Gauntlet (visited)

Altars:
Ashenzari
Cheibriados
Elyvilon
Fedhas
Gozag
Hepliaklqana
Kikubaaqudgha
Okawaru
Qazlal
Sif Muna
Trog
Vehumet
Wu Jian
Xom
Yredelemnul
Zin
Jiyva
Lugonu

Shops:
D:14 ?   D:15 [   Orc:2 [?:[   Shoals:2 !(   Snake:1 :   Snake:2 *
Snake:3 =:=   Snake:4 =(   Vaults:2 [[   Vaults:4 *?(   Depths:1 *   Depths:4 ?

Portals:
Hell: Depths:1 Depths:2 Depths:3 Depths:4
Abyss: Lair:5 Depths:3 Depths:4
Pandemonium: Depths:2
Ziggurat: Depths:3

Annotations:
D:4 Dig
D:9 2 transporters
Lair:1 exclusion: downstairs
Lair:3 exclusion: downstairs
Shoals:1 Bazaar
Snake:1 exclusion: downstairs
Elf:2 3 runed translucent doors, 1 exclusion
Vaults:1 Dig, exclusion: downstairs
Depths:2 3 runed translucent doors
Depths:4 exclusion: door
Abyss:1 Josephina; Sojobo


Innate Abilities, Weirdness & Mutations

You are completely covered in rugged brown scales. (AC +3, +7% HP)
Armour fits poorly on your strangely shaped body.
You have a long armoured tail.
You roll when moving toward enemies. (Rampage)
Your long tongue fully drains potion bottles. (2x potion effects)
Your tongue gives you trouble enunciating. (1.5x scroll delay)
You are strong-willed. (Will+)
You are somewhat resistant to further mutation.


Message History

No target in view!
The hellephant blinks!
No target in view!
(D) Dungeon (T) Temple (L) Lair (A) Shoals (P) Snake Pit (M) Slime Pits (O) Orcish Mines (E) Elven Halls (V) Vaults (C) Crypt (W) Tomb (U) Depths (H) Hell (Z) Zot
Where to? (Enter - D:1 @ (x,y), ? - help)
A hellephant is nearby!
You roll towards the hellephant!
You hit the hellephant. You slash the hellephant!
You kill the hellephant!
Okawaru accepts your kill.
No target in view!
No target in view!
No target in view!
No target in view!
No target in view!
No target in view!
No target in view!
No target in view!
No target in view!
No target in view!
No target in view!
No target in view!
(D) Dungeon (T) Temple (L) Lair (A) Shoals (P) Snake Pit (M) Slime Pits (O) Orcish Mines (E) Elven Halls (V) Vaults (C) Crypt (W) Tomb (U) Depths (H) Hell (Z) Zot
Where to? (Enter - D:1 @ (x,y), ? - help)
You see here a hellephant corpse.
There is a stone staircase leading up here.
There is a stone staircase leading up here.
You climb upwards.
There is a stone staircase leading down here.
Things that are here:
a stone; a +0 short sword
There is a staircase leading out of the dungeon here.
No target in view!
You have escaped!

#.###.####.....~≈≈≈#####
#.##..# #.....#≈≈≈≈≈≈≈≈
#.##.## #######≈≈≈≈≈≈≈≈
######.##.##
#....≈~≈≈≈≈≈
#..........#
#.....##≈≈≈#
#..........#
#.....######
#.).#################..#


#....PPPPPPPPPPPPPPP...# #...........@..........####
#....PPPPPPPPPPPPPPP....(.### #...#################..##.... #..........#
######### #..........# ############ There were no monsters in sight!

Vanquished Creatures
  the Royal Jelly (Slime:5)
  5 dread liches
  11 ancient liches
  6 orbs of fire
  Mennas (Vaults:4)
  A juggernaut (Depths:3)
  Boris (twice) (Crypt:1 Crypt:3)
  4 Killer Klowns
  Frederick (Vaults:2)
  A curse toe (Zot:1)
  Saint Roka (Snake:2)
  A caustic shrike (Depths:2)
  Margery (Vaults:2)
  Nikola (Shoals:1)
  7 golden dragons
  Jory (Vaults:3)
  A bone dragon (Crypt:1)
  5 electric golems
  2 doom hounds (Crypt:1)
  A Brimstone Fiend (Zot:2)
  17 tentacled monstrosities
  26 Orb Guardians
  Jorgrun (D:15)
  A hellephant (D:2)
  4 liches
  A walking frostbound tome (Depths:3)
  5 titans
  11 acid blobs
  2 deep elf blademasters (Elf:3)
  2 deep elf master archers (Elf:3)
  9 death cobs
  Polyphemus (Shoals:1)
  9 quicksilver dragons
  An Executioner (D:8)
  The ghost of Feshunla the Bewitcher, an adept KoEn of Dithmenos (Vaults:2)
  4 krakens
  7 sphinxes
  5 ancient champions
  Agnes (D:15)
  A tentacled starspawn (Abyss:3)
  Gastronok (Orc:1)
  11 tengu reavers
  20 storm dragons
  Ilsuiw (Shoals:2)
  4 azure jellies
  11 shadow dragons
  14 draconian monks
  2 revenants
  4 nagarajas (Snake:4)
  Donald (Shoals:3)
  5 rockslimes
  10 draconian knights
  9 deep elf sorcerers
  9 frost giants
  Aizul (Vaults:1)
  11 fire giants
  The ghost of relicbr the Bewitcher, an adept SpDe of Dithmenos (Snake:3)
  An iron dragon (Depths:1)
  A balrug (Depths:3)
  3 draconian scorchers
  3 ghost moths
  14 vault wardens
  2 curse skulls (Crypt:2)
  An angel (Zot:5)
  2 orc warlords
  18 draconian shifters
  10 draconian annihilators
  6 draconian stormcallers
  2 war gargoyles
  17 stone giants
  6 quicksilver oozes
  6 reapers
  4 deep elf elementalists (Elf:3)
  A cacodemon (Zot:5)
  12 ghouls
  34 very ugly things
  9 vampire knights
  5 ironbound thunderhulks
  8 green draconians
  14 ironbound preservers
  9 deep elf demonologists
  15 black draconians
  20 red draconians
  10 deep elf annihilators
  A minotaur (Gauntlet)
  12 purple draconians
  15 white draconians
  Azrael (D:15)
  6 dire elephants
  18 yellow draconians
  10 eidola
  10 spark wasps
  8 deep elf death magi
  17 ettins
  10 fire dragons
  An entropy weaver (shapeshifter) (D:13)
  3 deep elf high priests
  4 merfolk javelineers (Shoals:4)
  6 jiangshi
  2 entropy weavers
  Fannar (D:10)
  8 merfolk impalers
  2 crystal guardians (Vaults:1)
  2 great orbs of eyes
  20 yaktaur captains
  4 rakshasas (Depths:2)
  10 ice dragons
  40 vault guards
  9 hydras
  A fenstrider witch zombie (Crypt:2)
  A caustic shrike simulacrum (IceCv)
  A salamander tyrant (Snake:4)
  A peacekeeper (Vaults:1)
  2 death knights
  4 centaur warriors
  7 ironbound frosthearts
  6 spriggan skeletons (Crypt:1)
  2 merfolk avatars
  2 spriggan air magi
  Erolcha (Orc:2)
  8 anacondas
  3 catoblepae
  4 boulder beetles
  A merfolk aquamancer (Lair:2)
  2 ogre magi
  A two-headed ogre (shapeshifter) (Vaults:4)
  A satyr (Shoals:2)
  20 naga warriors
  4 two-headed ogres
  A deep troll shaman (Depths:2)
  3 tengu warriors
  A hell hog (Depths:3)
  8 deep troll earth magi
  The ghost of Iniera the Cleaver, a journeyman VSFi of Qazlal (D:10)
  12 naga sharpshooters
  5 shock serpents
  5 vampire magi
  12 dancing weapons
  4 spriggan berserkers
  3 thrashing horrors (Lair:5)
  8 death yaks
  13 deep elf knights
  3 sun demons
  23 hell knights
  3 skysharks
  5 soul eaters
  Amaemon (Lair:3)
  2 titan skeletons
  7 iron trolls
  A sixfirhy (Zot:5)
  A shadow wraith (Crypt:2)
  35 skeletal warriors
  3 salamander mystics (Snake:4)
  4 sea snakes
  47 deep trolls
  3 storm dragon skeletons (Crypt:1)
  A death drake (shapeshifter) (Depths:3)
  A sea snake (shapeshifter) (Vaults:2)
  11 deep elf archers
  10 naga ritualists
  An iron giant skeleton (Crypt:3)
  4 flayed ghosts
  5 glowing orange brains
  20 harpies
  2 bunyip skeletons (Crypt:1)
  3 spriggan simulacra
  3 bog bodies
  An obsidian statue (Snake:3)
  27 deep elf zephyrmancers
  7 wizards
  An anaconda skeleton (Crypt:1)
  28 ironbound convokers
  6 orc knights
  13 phantasmal warriors
  22 deep elf pyromancers
  2 sphinx zombies (Crypt:2)
  9 fauns
  6 lindwurms
  44 ugly things
  3 cyclopes
  23 mana vipers
  An iron dragon zombie (Crypt:2)
  2 shadow dragon skeletons (Crypt:1)
  8 necromancers
  2 shining eyes
  A broodmother zombie (Crypt:2)
  10 orc sorcerers
  A fire giant zombie (Depths:2)
  A cyclops (shapeshifter) (Vaults:5)
  5 manticores
  A toenail golem (Depths:3)
  An eleionoma zombie (Crypt:1)
  3 elephants (Lair:3)
  53 black mambas
  24 moths of wrath
  7 guardian serpents
  An eye of devastation (shapeshifter) (Vaults:5)
  An elephant (shapeshifter) (Depths:3)
  9 merfolk sirens
  15 salamanders
  Joseph (D:7)
  5 water nymphs (Shoals:4)
  4 eyes of devastation
  A shock serpent skeleton (Crypt:1)
  18 naga magi
  A titan simulacrum (Depths:3)
  4 torpor snails
  2 orange demons
  18 cane toads
  3 smoke demons
  16 vault sentinels
  6 centaur skeletons
  7 swamp worm zombies (Crypt:2)
  A catoblepas zombie (Crypt:1)
  A purple draconian zombie (Crypt:2)
  An unseen horror (D:12)
  A bunyip simulacrum (Crypt:1)
  7 komodo dragons
  34 yaktaurs
  A dire elephant skeleton (Crypt:1)
  12 freezing wraiths
  5 rime drakes
  2 efreet
  3 ice devils (IceCv)
  An ancient zyme (Lair:5)
  A golden dragon simulacrum (IceCv)
  8 tengu conjurers
  A black draconian skeleton (Crypt:3)
  10 trolls
  A yellow draconian skeleton (Crypt:3)
  33 merfolk
  A red devil (Zot:5)
  3 polar bears
  3 meliai (D:14)
  A hellwing (Zot:1)
  A tyrant leech (Gauntlet)
  2 tengu simulacra
  4 hornets
  A moth of wrath zombie (Crypt:1)
  2 dream sheep (Lair:3)
  A sphinx simulacrum (Depths:3)
  12 wind drakes
  A frost giant simulacrum (Depths:2)
  19 blink frogs
  A dream sheep (shapeshifter) (Depths:3)
  A tarantella (Vaults:3)
  4 snapping turtles
  A satyr zombie (Crypt:3)
  2 harpy skeletons (Crypt:1)
  An ettin zombie (Vaults:2)
  2 human skeletons (Vaults:2)
  A fire dragon skeleton (Crypt:1)
  A jumping spider (D:13)
  102 slime creatures
  25 water elementals
  8 wraiths
  A centaur simulacrum (Crypt:1)
  16 flying skulls
  A culicivora (shapeshifter) (Elf:3)
  6 spriggans
  2 large abominations
  2 shadows
  23 fire elementals
  4 wyverns
  48 yaks
  A vampire (D:12)
  9 basilisks
  4 ynoxinuls
  3 golden eyes (D:12)
  A steam dragon (D:8)
  12 humans (D:14)
  6 minotaur simulacra (IceCv)
  3 chaos spawn (Lair:5)
  10 vampire mosquitoes
  A naga (shapeshifter) (Depths:2)
  3 wargs
  8 redbacks
  2 harpy simulacra (IceCv)
  35 nagas
  8 water moccasins
  3 acid dragons
  3 swamp worms (Gauntlet)
  8 small abominations (Lair:5)
  A glowing shapeshifter skeleton (Depths:2)
  A fire bat skeleton (Crypt:3)
  4 hell hounds
  3 naga skeletons (Crypt:1)
  A deep troll skeleton (Crypt:1)
  6 black bears
  2 ice beasts
  A snapping turtle zombie (Crypt:1)
  21 orc warriors
  A sky beast (D:6)
  A merfolk skeleton (Crypt:3)
  6 boggarts
  An ettin simulacrum (IceCv)
  10 ogres
  2 alligator simulacra (IceCv)
  A tengu (shapeshifter) (Elf:3)
  37 wolves
  9 centaurs
  A lindwurm skeleton (Crypt:3)
  A phantom (D:4)
  A rime drake zombie (Crypt:1)
  2 kobold brigands
  A gnoll sergeant (D:9)
  3 scorpions
  20 bullfrogs
  4 necrophages
  An earth elemental (Elf:1)
  A komodo dragon zombie (Crypt:3)
  A deep troll simulacrum (IceCv)
  10 killer bees
  A lindwurm simulacrum (IceCv)
  3 electric eels
  8 howler monkeys
  15 jellies
  A basilisk zombie (Crypt:2)
  7 hounds
  2 gnoll boudas
  14 orc priests
  A basilisk skeleton (Crypt:2)
  An iron imp (D:4)
  Natasha (twice) (D:3)
  3 iguanas (D:5)
  2 sleepcaps
  Ijyb (D:3)
  40 orc wizards
  4 hell rats
  Terence (D:3)
  A sky beast zombie (Crypt:1)
  12 gnolls
  13 adders
  A white imp (D:6)
  6 dart slugs
  80 orcs
  9 ball pythons
  8 bats
  7 endoplasms
  2 giant cockroaches
  10 goblins
  8 hobgoblins
  3 jackals (D:3)
  16 kobolds
  2 quokkas (D:1)
  3 training dummies (Snake:4)
  A ball python zombie (Crypt:3)
  3 frilled lizards
  A frilled lizard skeleton (Crypt:1)
  An orc skeleton (Crypt:3)
  6 rats
  10 tentacles
2511 creatures vanquished.

Vanquished Creatures (others)
  2 curse toes
  An Orb Guardian (Zot:5)
  Grunn (Crypt:1)
  A quicksilver dragon (Zot:1)
  An ancient champion (Crypt:1)
  A shadow dragon (Zot:3)
  A curse skull (Crypt:2)
  2 deep elf knights (Elf:2)
  A skeletal warrior (Crypt:1)
  2 flayed ghosts
  A harpy (Shoals:4)
  2 naga ritualists (Snake:4)
  2 deep elf zephyrmancers (Elf:2)
  A flying skull (Crypt:1)
  A naga (Snake:4)
  An orc warrior (D:15)
  A boggart (D:15)
  An orc wizard (D:11)
  2 orcs
  14 demonic plants (Gauntlet)
  85 fungi
  116 plants
  2 starspawn tentacles (Abyss:3)
  28 tentacles
  28 withered plants (Crypt:3)
298 creatures vanquished.

Grand Total: 2809 creatures vanquished

Notes
Turn   | Place    | Note
-------+----------+-------------------------------------------
     0 | D:1      | ragingrage the Armataur Monk began the quest for the Orb.
     0 | D:1      | Reached XP level 1. HP: 19/19 MP: 1/1
   102 | D:1      | Reached XP level 2. HP: 26/26 MP: 2/2
   300 | D:1      | Reached skill level 1 in Maces & Flails
   327 | D:1      | Upgraded the game from 0.30-a0-939-gc8157cb160 to
                  | 0.30-a0-953-g5f1da4a474
   402 | D:1      | Reached XP level 3. HP: 32/32 MP: 3/3
   467 | D:1      | Found a faded altar of an unknown god.
  1284 | D:2      | Reached XP level 4. HP: 39/39 MP: 4/4
  1344 | D:3      | Noticed Terence
  1370 | D:3      | Killed Terence
  1427 | D:3      | Reached XP level 5. HP: 42/44 MP: 5/5
  1574 | D:3      | Noticed Ijyb
  1586 | D:3      | Killed Ijyb
  1765 | D:3      | Noticed Natasha
  1934 | D:3      | Killed Natasha
  2080 | D:3      | Reached XP level 6. HP: 20/53 MP: 6/6
  2345 | D:3      | Reached skill level 5 in Maces & Flails
  2370 | D:3      | Noticed Natasha
  2384 | D:3      | Killed Natasha
  2568 | D:4      | Found a white marble altar of Elyvilon.
  2731 | D:4      | Found a snail-covered altar of Cheibriados.
  2742 | D:4      | Reached XP level 7. HP: 37/59 MP: 7/7
  3096 | D:4      | Found a glowing silver altar of Zin.
  3209 | D:4      | Found an iron altar of Okawaru.
  3229 | D:4      | Became a worshipper of Warmaster Okawaru
  3229 | D:4      | Reached * piety under Okawaru
  3229 | D:4      | Reached ** piety under Okawaru
  3538 | D:5      | Entered Level 5 of the Dungeon
  4295 | D:5      | Noticed a two-headed ogre
  4387 | D:5      | Reached XP level 8. HP: 61/66 MP: 8/8
  4752 | D:5      | Found an ornate altar of the Wu Jian Council.
  5056 | D:6      | Reached skill level 1 in Invocations
  5198 | D:6      | Reached *** piety under Okawaru
  6092 | D:7      | Noticed Joseph
  6111 | D:7      | Killed Joseph
  6111 | D:7      | Reached **** piety under Okawaru
  6112 | D:7      | Reached skill level 10 in Maces & Flails
  6112 | D:7      | Reached XP level 9. HP: 17/72 MP: 3/11
  6509 | D:7      | Found a staircase to the Ecumenical Temple.
  6911 | Temple   | Entered the Ecumenical Temple
  6935 | D:8      | Noticed a deep elf pyromancer
  7221 | D:8      | Received a gift from Okawaru
  7260 | D:8      | Found a hazy altar of Hepliaklqana.
  7261 | D:8      | Found a shimmering altar of Xom.
  7262 | D:8      | Noticed a spectral ugly thing
  7563 | D:8      | Reached ***** piety under Okawaru
  8100 | D:9      | Noticed a komodo dragon
  8181 | D:8      | Reached skill level 1 in Throwing
  8181 | D:8      | Reached XP level 10. HP: 72/79 MP: 10/12
  8822 | D:9      | Received a gift from Okawaru
  9291 | D:9      | Found a transporter.
  9291 | D:9      | Noticed a cyan ugly thing
  9293 | D:9      | Found a corrupted altar of Lugonu.
  9295 | D:9      | Noticed a purple ugly thing
  9296 | D:9      | Noticed a white ugly thing
  9298 | D:9      | Found a transporter.
  9641 | D:9      | Found a staircase to the Lair.
 10163 | D:10     | Entered Level 10 of the Dungeon
 10198 | Lair:1   | Entered Level 1 of the Lair of Beasts
 10767 | Lair:1   | Reached skill level 5 in Throwing
 11082 | Lair:1   | Learned a level 3 spell: Vhi's Electric Charge
 11638 | Lair:1   | Identified the +4 barding of Voracious Knowledge {rCorr
                  | Dex+3} (Okawaru gifted it to you on level 1 of the Lair of
                  | Beasts)
 11638 | Lair:1   | Received a gift from Okawaru
 11639 | Lair:1   | Reached XP level 11. HP: 71/86 MP: 10/13
 12014 | Lair:2   | Reached skill level 1 in Armour
 12021 | Lair:2   | Identified the +10 long sword of Icethrivadd {pain, *Noise
                  | rF++ Str+3 Dex+2}
 12075 | Lair:2   | Found a staircase to the Snake Pit.
 12678 | Lair:1   | Reached skill level 1 in Shields
 12905 | Lair:2   | Reached skill level 5 in Armour
 13079 | Lair:2   | Found a hazy altar of Hepliaklqana.
 13089 | Lair:2   | Noticed a catoblepas
 13122 | Lair:2   | Killed a catoblepas
 13273 | Lair:2   | Found a staircase to the Shoals.
 13704 | Lair:2   | Received a gift from Okawaru
 13705 | Lair:2   | Reached skill level 1 in Evocations
 13966 | Lair:2   | Identified the +2 scale mail of Valour {rElec}
 14146 | Lair:2   | Reached skill level 5 in Stealth
 14150 | Lair:2   | Identified the +3 leather armour of Ziosuis {rC++}
 15297 | Lair:2   | Reached ****** piety under Okawaru
 15298 | Lair:2   | Reached XP level 12. HP: 83/97 MP: 15/15
 15304 | Lair:2   | Received a gift from Okawaru
 15750 | Lair:3   | Noticed Amaemon
 15764 | Lair:3   | Killed Amaemon
 15764 | Lair:3   | Received a gift from Okawaru
 15765 | Lair:3   | Reached skill level 5 in Invocations
 15804 | Lair:3   | Reached skill level 5 in Fighting
 15970 | Lair:3   | Received a gift from Okawaru
 16389 | Lair:4   | Noticed a five-headed hydra
 16398 | Lair:4   | Killed a five-headed hydra
 16408 | Lair:4   | Noticed an eight-headed hydra
 16549 | Lair:4   | Killed an eight-headed hydra
 16549 | Lair:4   | Received a gift from Okawaru
 17025 | Lair:4   | Identified the +9 longbow of Flawed Execution {antimagic,
                  | Fragile Str+3 Int+4} (Okawaru gifted it to you on level 4
                  | of the Lair of Beasts)
 17025 | Lair:4   | Received a gift from Okawaru
 17179 | Lair:4   | Found a staircase to the Slime Pits.
 17473 | Lair:4   | Found a viscous altar of Jiyva.
 18130 | Lair:4   | Noticed an eight-headed hydra
 18139 | Lair:4   | Killed an eight-headed hydra
 18189 | Lair:4   | Reached XP level 13. HP: 109/112 MP: 16/18
 18290 | Lair:4   | Received a gift from Okawaru
 18481 | Lair:4   | Identified the +4 ring mail of Abstinence {+Blink rElec
                  | rN+}
 18741 | Lair:4   | Learned a level 1 spell: Apportation
 18756 | Lair:5   | Entered Level 5 of the Lair of Beasts
 18817 | Lair:4   | Identified the +5 great mace of Okawaru's Hope {holy, rElec
                  | Will+ Dex+3 Stlth+} (Okawaru gifted it to you on level 4 of
                  | the Lair of Beasts)
 18817 | Lair:4   | Received a gift from Okawaru
 18884 | Lair:5   | Reached skill level 1 in Translocations
 18964 | Lair:5   | Reached skill level 10 in Armour
 19115 | Lair:5   | Identified the +7 plate armour of Ojav {Rampage rF- rN+
                  | Dex+2} (Okawaru gifted it to you on level 5 of the Lair of
                  | Beasts)
 19115 | Lair:5   | Received a gift from Okawaru
 20434 | Lair:5   | Identified the +1 broad axe of Incongruity {freeze, rCorr
                  | Dex+3 Stlth+}
 20572 | Lair:5   | Reached XP level 14. HP: 69/126 MP: 20/20
 20580 | Lair:5   | Found a corrupted altar of Lugonu.
 20580 | Lair:5   | Found a one-way gate to the infinite horrors of the Abyss.
 20863 | Lair:5   | Received a gift from Okawaru
 21378 | D:10     | Noticed Fannar
 21552 | D:10     | Found an ancient bone altar of Kikubaaqudgha.
 21585 | D:10     | Found a runed translucent gate.
 21586 | D:10     | Found a blossoming altar of Fedhas.
 21586 | D:10     | Identified the +0 helmet of Life {Stlth+}
 21609 | D:10     | Found a runed translucent gate.
 21609 | D:10     | Found a runed translucent gate.
 21612 | D:10     | Noticed Iniera's ghost (journeyman VSFi)
 21819 | D:10     | Killed Fannar
 21960 | D:10     | Found a shimmering blue altar of Sif Muna.
 22131 | D:10     | Found a viscous altar of Jiyva.
 22361 | D:11     | Found a staircase to the Orcish Mines.
 22834 | D:12     | Found a gate leading to a gauntlet.
 22854 | Gauntlet | Entered a Gauntlet
 22854 | Gauntlet | Found a transporter.
 22854 | Gauntlet | Found a transporter.
 22858 | Gauntlet | Found a transporter.
 22858 | Gauntlet | Found a transporter.
 22868 | Gauntlet | Found a transporter.
 22874 | Gauntlet | Found a large runed translucent door.
 22875 | Gauntlet | Found a large runed translucent door.
 22876 | Gauntlet | Found a transporter.
 22876 | Gauntlet | Found a large runed translucent door.
 22877 | Gauntlet | Found a runed translucent gate.
 22878 | Gauntlet | Found a transporter.
 22878 | Gauntlet | Found a transporter.
 22878 | Gauntlet | Found a runed translucent gate.
 22882 | Gauntlet | Found a transporter.
 22886 | Gauntlet | Found a runed translucent gate.
 22888 | Gauntlet | Found a large runed translucent door.
 22889 | Gauntlet | Found a large runed translucent door.
 22893 | Gauntlet | Found a large runed translucent door.
 22900 | Gauntlet | Found a large runed translucent door.
 22901 | Gauntlet | Found a large runed translucent door.
 22912 | Gauntlet | Found a large runed translucent door.
 22912 | Gauntlet | Found a large runed translucent door.
 22912 | Gauntlet | Found a runed translucent door.
 22912 | Gauntlet | Found a runed translucent door.
 22913 | Gauntlet | Found a large runed translucent door.
 22914 | Gauntlet | Found a large runed translucent door.
 22916 | Gauntlet | Found a transporter.
 22940 | Gauntlet | Found a transporter.
 22954 | Gauntlet | Found a transporter.
 22994 | Gauntlet | Found a transporter.
 23012 | Gauntlet | Found a transporter.
 23024 | Gauntlet | Found a large runed translucent door.
 23024 | Gauntlet | Found a large runed translucent door.
 23025 | Gauntlet | Found a large runed translucent door.
 23026 | Gauntlet | Found a large runed translucent door.
 23109 | Gauntlet | Found a transporter.
 23125 | Gauntlet | Found a transporter.
 23388 | Gauntlet | Reached skill level 10 in Fighting
 23783 | D:12     | Found a broken altar of Ashenzari.
 24232 | D:12     | Received a gift from Okawaru
 24264 | Orc:1    | Entered Level 1 of the Orcish Mines
 24682 | Orc:2    | Entered Level 2 of the Orcish Mines
 24872 | Orc:1    | Received a gift from Okawaru
 25554 | Orc:2    | Found a staircase to the Elven Halls.
 25602 | Orc:1    | Noticed an orc warlord
 25661 | Orc:1    | Noticed Gastronok
 25867 | Orc:1    | Killed Gastronok
 25983 | Orc:1    | Killed an orc warlord
 25983 | Orc:1    | Identified the +1 scale mail of Xaveem {Contam rF- rN+++
                  | rCorr} (Okawaru gifted it to you on level 1 of the Orcish
                  | Mines)
 25983 | Orc:1    | Received a gift from Okawaru
 26562 | Orc:2    | Found Bakawk's Magic Scroll Shop.
 26570 | Orc:2    | Bought a scroll of teleportation for 39 gold pieces
 26583 | Orc:2    | Found a radiant altar of Vehumet.
 26583 | Orc:2    | Noticed Erolcha
 26595 | Orc:2    | Killed Erolcha
 26849 | Orc:2    | Found an ancient bone altar of Kikubaaqudgha.
 26888 | Orc:2    | Paralysed by an orc sorcerer for 5 turns
 27053 | Orc:2    | Found Ekkill's Antique Armour Boutique.
 27058 | Orc:2    | Paralysed by an orc sorcerer for 4 turns
 27069 | Orc:2    | Found Rail's Antique Armour Shop.
 27130 | Orc:2    | Found Poicvef's Book Boutique.
 27242 | Orc:2    | Bought a fine leather armour for 210 gold pieces
 27242 | Orc:2    | Identified the +3 leather armour of the Equator {Dex+2}
                  | (You bought it in a shop on level 2 of the Orcish Mines)
 27788 | D:13     | Reached XP level 15. HP: 138/142 MP: 21/21
 28751 | D:14     | Identified the +2 cloak of Zaduemaj {Str+3 Dex+2} (Okawaru
                  | gifted it to you on level 14 of the Dungeon)
 28751 | D:14     | Received a gift from Okawaru
 29231 | D:14     | Found Qotot's Magic Scroll Boutique.
 29240 | D:14     | Bought a scroll of teleportation for 45 gold pieces
 29586 | D:14     | Found a gate to the Vaults.
 29634 | D:15     | Entered Level 15 of the Dungeon
 29965 | D:15     | Found a radiant altar of Vehumet.
 29967 | D:15     | Noticed Agnes
 29982 | D:15     | Killed Agnes
 30638 | D:15     | Found a staircase to the Depths.
 30789 | D:15     | Noticed Jorgrun
 30802 | D:15     | Killed Jorgrun
 30802 | D:15     | Received a gift from Okawaru
 30832 | D:15     | Noticed Azrael
 30844 | D:15     | Killed Azrael
 30844 | D:15     | Identified the +6 rapier of Intense Optimality {antimagic,
                  | Will+ Str+4 Stlth+} (Okawaru gifted it to you on level 15
                  | of the Dungeon)
 30844 | D:15     | Received a gift from Okawaru
 31130 | D:15     | Found Ubanlikk's Armour Emporium.
 31265 | D:15     | Bought the +11 crystal plate armour "Zimeot" {rF+ Will-
                  | Int+5} for 1892 gold pieces
 31346 | D:15     | Reached skill level 10 in Throwing
 32111 | Snake:1  | Entered Level 1 of the Snake Pit
 32111 | Snake:1  | Found Tylami's Vocational Training.
 32373 | Snake:1  | Received a gift from Okawaru
 32648 | Snake:1  | Reached XP level 16. HP: 156/156 MP: 22/22
 34025 | Shoals:1 | Entered Level 1 of the Shoals
 34830 | Shoals:1 | Received a gift from Okawaru
 34969 | Shoals:1 | Found a gateway to a bazaar.
 34971 | Shoals:1 | Noticed a kraken
 35159 | Shoals:1 | Noticed a kraken
 35234 | Shoals:1 | Killed a kraken
 35363 | Shoals:1 | Noticed Nikola
 35385 | Shoals:1 | Killed Nikola
 35385 | Shoals:1 | Received a gift from Okawaru
 35450 | Shoals:1 | Killed a kraken
 35635 | Shoals:2 | Found Uhiptoid's Weapon Boutique.
 35653 | Shoals:2 | Received a gift from Okawaru
 35718 | Shoals:2 | Noticed Polyphemus
 35834 | Shoals:1 | Killed Polyphemus
 36356 | Shoals:2 | Reached skill level 15 in Armour
 36440 | Shoals:2 | Reached skill level 15 in Fighting
 36746 | Shoals:2 | Found Ytitichy's Distillery.
 36782 | Shoals:2 | Noticed Ilsuiw
 36800 | Shoals:2 | Killed Ilsuiw
 37227 | Shoals:3 | Noticed a kraken
 37361 | Shoals:3 | Killed a kraken
 37462 | Shoals:3 | Noticed Donald
 37483 | Shoals:3 | Killed Donald
 37888 | Shoals:3 | Received a gift from Okawaru
 38115 | Shoals:4 | Entered Level 4 of the Shoals
 38166 | Shoals:4 | Reached XP level 17. HP: 122/166 MP: 23/23
 38177 | Shoals:4 | Reached skill level 5 in Shields
 38948 | Shoals:4 | Received a gift from Okawaru
 39911 | Shoals:4 | Got a barnacled rune of Zot
 39915 | Shoals:4 | Got the Textbook on Portals
 39942 | Shoals:4 | Learned a level 2 spell: Blink
 39996 | Shoals:4 | Noticed a kraken
 40036 | Shoals:4 | Killed a kraken
 40209 | Shoals:4 | Received a gift from Okawaru
 40711 | Orc:2    | Bought 2 scrolls of brand weapon for 247 gold pieces
 41040 | Arena    | Entered the Arena
 41074 | Snake:2  | Received a gift from Okawaru
 41110 | Snake:1  | Reached skill level 10 in Shields
 41957 | Snake:2  | Found a glowing silver altar of Zin.
 42150 | Snake:2  | Received a gift from Okawaru
 42241 | Snake:2  | Paralysed by a salamander for 5 turns
 42289 | Snake:2  | Found Restror's Assorted Antiques.
 42399 | Snake:2  | Paralysed by a naga for 4 turns
 42574 | Snake:2  | Noticed Saint Roka
 42590 | Snake:2  | Killed Saint Roka
 42590 | Snake:2  | Received a gift from Okawaru
 42743 | Snake:3  | Found a stormy altar of Qazlal.
 43036 | Snake:3  | Found Siugani's Jewellery Boutique.
 43171 | Snake:3  | Received a gift from Okawaru
 43207 | Snake:3  | Found a runed translucent gate.
 43207 | Snake:3  | Found a runed translucent gate.
 43207 | Snake:3  | Found a runed translucent gate.
 43209 | Snake:3  | Found an opulent altar of Gozag.
 43210 | Snake:3  | Noticed relicbr's ghost (adept SpDe)
 43362 | Snake:3  | Identified the +2 chain mail of the Lich-sworn {+Blink
                  | rPois}
 43366 | Snake:3  | Found Bieqoc's Book Shoppe.
 43367 | Snake:3  | Found Diminab's Jewellery Boutique.
 43432 | Snake:4  | Entered Level 4 of the Snake Pit
 43575 | Snake:4  | Received a gift from Okawaru
 43706 | Snake:4  | Reached XP level 18. HP: 174/174 MP: 24/24
 43716 | Snake:4  | Identified the +6 ring mail "Ahenn" {Harm +Blink Int+2
                  | Dex+3} (Okawaru gifted it to you on level 4 of the Snake
                  | Pit)
 43716 | Snake:4  | Received a gift from Okawaru
 44583 | Snake:3  | Identified a scroll of acquirement
 44643 | Snake:4  | Reached skill level 5 in Evocations
 44776 | Snake:3  | Acquired 476 gold pieces
 45109 | Snake:4  | Found Xufoteew's Firing Range.
 45444 | Snake:4  | Found Vaatoman's Jewellery Emporium.
 45827 | Snake:4  | Got a serpentine rune of Zot
 45913 | Snake:3  | Bought the ring of Suspicion {rElec rF+ Dex+4 SInv Stlth-}
                  | for 559 gold pieces
 46124 | Elf:1    | Entered Level 1 of the Elven Halls
 46157 | Elf:1    | Received a gift from Okawaru
 46245 | Elf:1    | Reached skill level 15 in Throwing
 46294 | Elf:1    | Received a gift from Okawaru
 47197 | Vaults:1 | Entered Level 1 of the Vaults
 47591 | Abyss:3  | Cast into level 3 of the Abyss (a wizard)
 47637 | Abyss:3  | Received a gift from Okawaru
 47669 | Abyss:3  | Noticed a tentacled monstrosity
 47675 | Abyss:3  | Noticed a tentacled monstrosity
 47676 | Abyss:3  | Got an abyssal rune of Zot
 47695 | Abyss:3  | Found a runed translucent door.
 47718 | Vaults:1 | Escaped the Abyss
 47909 | Vaults:1 | Received a gift from Okawaru
 48072 | Vaults:1 | Reached XP level 19. HP: 180/181 MP: 25/25
 48444 | Vaults:1 | Received a gift from Okawaru
 48606 | Vaults:1 | Found a portal to a secret trove of treasure.
 48645 | Vaults:1 | Noticed Aizul
 48672 | Vaults:1 | Killed Aizul
 48996 | Vaults:1 | Identified the +0 barding of the Countless Hells {rPois rF-
                  | Int-2 Dex+8} (Okawaru gifted it to you on level 1 of the
                  | Vaults)
 48996 | Vaults:1 | Received a gift from Okawaru
 49032 | Vaults:1 | Reached skill level 15 in Maces & Flails
 49376 | Vaults:2 | Noticed Margery
 49682 | Vaults:2 | Found a huge runed gate.
 49682 | Vaults:2 | Found a huge runed gate.
 49682 | Vaults:2 | Found a huge runed gate.
 49682 | Vaults:2 | Found a huge runed gate.
 49682 | Vaults:2 | Found a huge runed gate.
 49682 | Vaults:2 | Found a huge runed gate.
 49683 | Vaults:2 | Found a huge runed gate.
 49683 | Vaults:2 | Found a huge runed gate.
 49684 | Vaults:2 | Found a huge runed gate.
 49684 | Vaults:2 | Found a huge runed gate.
 49687 | Vaults:2 | Found a huge runed gate.
 49687 | Vaults:2 | Found a huge runed gate.
 49687 | Vaults:2 | Found a huge runed gate.
 49687 | Vaults:2 | Found a huge runed gate.
 49687 | Vaults:2 | Found a huge runed gate.
 49687 | Vaults:2 | Found a huge runed gate.
 49688 | Vaults:2 | Found a huge runed gate.
 49689 | Vaults:2 | Found a huge runed gate.
 49690 | Vaults:2 | Found a huge runed gate.
 49698 | Vaults:2 | Found a huge runed gate.
 49698 | Vaults:2 | Found a huge runed gate.
 49698 | Vaults:2 | Found a huge runed gate.
 49698 | Vaults:2 | Found a huge runed gate.
 49698 | Vaults:2 | Found a huge runed gate.
 49698 | Vaults:2 | Found a huge runed gate.
 49699 | Vaults:2 | Found a huge runed gate.
 49700 | Vaults:2 | Found a huge runed gate.
 49701 | Vaults:2 | Found a huge runed gate.
 49709 | Vaults:2 | Found a huge runed gate.
 49709 | Vaults:2 | Found a huge runed gate.
 49709 | Vaults:2 | Found a huge runed gate.
 49709 | Vaults:2 | Found a huge runed gate.
 49709 | Vaults:2 | Found a huge runed gate.
 49709 | Vaults:2 | Found a huge runed gate.
 49710 | Vaults:2 | Found a huge runed gate.
 49711 | Vaults:2 | Found a huge runed gate.
 49948 | Vaults:2 | Noticed Frederick
 49969 | Vaults:2 | Killed Frederick
 50073 | Vaults:2 | Killed Margery
 50190 | Vaults:2 | Acquired the amulet of Equilibrium {Reflect Drain Regen+
                  | Int+7 Slay+2 SH+5}
 50263 | Vaults:2 | Found Xiagaf's Antique Armour Shop.
 51484 | Vaults:2 | Found Naharom's Armour Boutique.
 51577 | Vaults:2 | Identified the +0 chain mail of Dramatic Exits {Dex+4}
 52520 | Abyss:3  | Cast into level 3 of the Abyss (a wizard)
 52533 | Vaults:2 | Escaped the Abyss
 52907 | Vaults:2 | Found a runed translucent gate.
 52907 | Vaults:2 | Found a runed translucent gate.
 52907 | Vaults:2 | Found a runed translucent gate.
 52908 | Vaults:2 | Noticed Feshunla's ghost (adept KoEn)
 52955 | Vaults:2 | Found a staircase to the Crypt.
 52955 | Vaults:2 | Found an ancient bone altar of Kikubaaqudgha.
 52955 | Vaults:2 | Found a basalt altar of Yredelemnul.
 53220 | Vaults:3 | Received a gift from Okawaru
 53224 | Abyss:3  | Cast into level 3 of the Abyss (a wizard)
 53232 | Abyss:3  | Gained mutation: You have supernaturally acute eyesight.
                  | (SInv) [a neqoxec]
 53235 | Vaults:3 | Escaped the Abyss
 53742 | Vaults:3 | Identified the +10 flail of Zudok {elec, rN+ rCorr}
                  | (Okawaru gifted it to you on level 3 of the Vaults)
 53742 | Vaults:3 | Received a gift from Okawaru
 53818 | Vaults:3 | Paralysed by a great orb of eyes for 4 turns
 53873 | Vaults:3 | Reached XP level 20. HP: 158/190 MP: 26/26
 54166 | Vaults:3 | Noticed Jory
 54186 | Vaults:3 | Killed Jory
 54274 | Vaults:3 | Paralysed by a great orb of eyes for 2 turns
 54624 | Vaults:4 | Received a gift from Okawaru
 54897 | Vaults:4 | Found a transporter.
 54941 | Vaults:4 | Found a transporter.
 54978 | Vaults:4 | Noticed Mennas
 55100 | Vaults:4 | Killed Mennas
 55289 | Vaults:4 | Received a gift from Okawaru
 55307 | Vaults:4 | Reached skill level 15 in Shields
 55323 | Vaults:4 | Identified the -1 helmet "Jakkeog" {rElec rCorr} (Okawaru
                  | gifted it to you on level 4 of the Vaults)
 55323 | Vaults:4 | Received a gift from Okawaru
 56015 | Snake:3  | Bought the ring "Dutayr" {Will+++ EV+5} for 1349 gold
                  | pieces
 56523 | Vaults:4 | Found Koaff's Antique Weapon Shop.
 56551 | Vaults:4 | Found Fitunleu's Magic Scroll Emporium.
 56565 | Vaults:4 | Found Raorax's Assorted Antiques.
 57642 | Elf:2    | Found a frozen archway.
 57744 | IceCv    | Entered an ice cave
 57879 | IceCv    | Reached XP level 21. HP: 196/196 MP: 27/27
 58026 | IceCv    | Received a gift from Okawaru
 58255 | Elf:2    | Found a runed translucent door.
 58301 | Elf:2    | Received a gift from Okawaru
 58471 | Elf:2    | Found a runed translucent gate.
 58471 | Elf:2    | Found a runed translucent gate.
 58471 | Elf:2    | Found a runed translucent gate.
 58939 | Elf:3    | Entered Level 3 of the Elven Halls
 58954 | Elf:3    | Received a gift from Okawaru
 59982 | Elf:3    | Identified the +6 dagger of the Wilderness {flame, rElec
                  | rPois Int+4}
 60268 | Elf:3    | Identified the +1 spear of Arrival {heavy, rCorr}
 60400 | Elf:3    | Identified the +0 scale mail "Qischoav" {+Blink rPois rC+
                  | Will++}
 60404 | Elf:3    | Identified the +6 sling "Zughiliune" {freeze, rN+ Int+2}
 60415 | Elf:3    | Identified the +0 spear of Hanos {heavy, Fly rN+ rCorr
                  | Int-4}
 60961 | Snake:3  | Bought a manual of Fighting for 880 gold pieces
 61187 | Depths:1 | Entered Level 1 of the Depths
 61192 | Depths:1 | Found a gateway to Hell.
 61211 | Depths:1 | Noticed Sojobo
 61311 | D:15     | Banished Sojobo
 61624 | Depths:1 | Found a white marble altar of Elyvilon.
 61667 | Depths:1 | Found Gihoj's Goods Gallery.
 62074 | Depths:1 | Identified the +0 kite shield "Elouleom" {rF++} (Okawaru
                  | gifted it to you on level 1 of the Depths)
 62074 | Depths:1 | Received a gift from Okawaru
 62228 | Depths:1 | Reached skill level 5 in Translocations
 62447 | Depths:1 | Reached skill level 10 in Invocations
 62447 | Depths:1 | Reached XP level 22. HP: 208/208 MP: 29/29
 62575 | Depths:1 | Found a stormy altar of Qazlal.
 62598 | Depths:1 | Got the Volume of the Volley and Grit
 63749 | Depths:2 | Noticed a caustic shrike
 63779 | Depths:2 | Found a runed translucent gate.
 63779 | Depths:2 | Found a runed translucent gate.
 63779 | Depths:2 | Found a runed translucent gate.
 63779 | Depths:2 | Found a runed translucent gate.
 63901 | Depths:2 | Found a runed translucent gate.
 63901 | Depths:2 | Found a runed translucent gate.
 64104 | Depths:2 | Received a gift from Okawaru
 64367 | Depths:2 | Found a one-way gate leading to the halls of Pandemonium.
 64751 | Depths:2 | Killed a caustic shrike
 64900 | Depths:3 | Received a gift from Okawaru
 64942 | Depths:3 | Found a one-way gateway to a ziggurat.
 65173 | Depths:3 | Received a gift from Okawaru
 65622 | Depths:3 | Reached skill level 1 in Spellcasting
 65688 | Depths:3 | Received a gift from Okawaru
 65733 | Depths:3 | Identified the ring "Biheiris" {Ice rN+ rCorr}
 65733 | Depths:3 | Noticed Josephina
 65754 | Depths:3 | Banished Josephina
 66175 | Depths:3 | Found a runed translucent door.
 66177 | Depths:3 | Noticed a juggernaut
 66177 | Depths:3 | Found the +8 mithril axe "Arga" {speed, Will+}
 66189 | Depths:3 | Found a shimmering altar of Xom.
 66355 | Depths:3 | Reached XP level 23. HP: 214/223 MP: 31/31
 66359 | Depths:3 | Identified the +4 mace of the Powerful God {vamp, Fly}
 66363 | Depths:3 | Killed a juggernaut
 66377 | Depths:3 | Identified the +0 leather armour of Vetaiv {rC+}
 66447 | Depths:4 | Entered Level 4 of the Depths
 66491 | Depths:4 | Reached skill level 1 in Axes
 66725 | Depths:4 | Identified the +0 robe of Vocso {Int+2} (Okawaru gifted it
                  | to you on level 4 of the Depths)
 66725 | Depths:4 | Received a gift from Okawaru
 66941 | Depths:4 | Found a gate to the Realm of Zot.
 66992 | Depths:4 | Reached skill level 5 in Axes
 67408 | Depths:4 | Found Duzuh's Magic Scroll Shop.
 67981 | Vaults:2 | Bought a heavily runed cloak for 275 gold pieces
 67981 | Vaults:2 | Identified the +0 cloak of Plog {rF+} (You bought it in a
                  | shop on level 2 of the Vaults)
 68190 | Vaults:4 | Identified the ring "Tiugyll" {rC+ MP+9 Dex+6}
 68223 | Vaults:4 | Identified the ring of Dawn {rElec rPois Will+ Int+6}
 68229 | Vaults:4 | Identified the ring of Het Cacs {rCorr Str+4 Int+2 Dex+2}
 69209 | Vaults:5 | Entered Level 5 of the Vaults
 69226 | Vaults:5 | Noticed an ancient lich
 69234 | Vaults:5 | Killed an ancient lich
 69540 | Vaults:5 | Received a gift from Okawaru
 69739 | Vaults:5 | Reached skill level 10 in Axes
 69873 | Vaults:5 | Identified the +2 quarterstaff of Folleric {freeze, rN+}
 69894 | Vaults:5 | Noticed an ancient lich
 69909 | Vaults:5 | Killed an ancient lich
 70108 | Vaults:5 | Reached XP level 24. HP: 223/232 MP: 32/32
 70123 | Vaults:5 | Noticed a dread lich
 70137 | Vaults:5 | Killed a dread lich
 70137 | Vaults:5 | Identified the +7 broad axe of Atwe Keokos {flame, rN+
                  | Dex+3} (Okawaru gifted it to you on level 5 of the Vaults)
 70137 | Vaults:5 | Received a gift from Okawaru
 70362 | Vaults:5 | Identified the +0 leather armour of the Lute {rPois rC++
                  | rCorr Int-5}
 70799 | Vaults:5 | Got a silver rune of Zot
 71001 | Vaults:5 | Identified the +3 barding of a Billion Leylines {rC+ Will-
                  | Int+5} (Okawaru gifted it to you on level 5 of the Vaults)
 71001 | Vaults:5 | Received a gift from Okawaru
 71378 | Zot:1    | Entered Level 1 of the Realm of Zot
 72144 | Vaults:4 | Bought 2 scrolls of enchant armour for 270 gold pieces
 72144 | Vaults:4 | Bought a scroll of blinking for 135 gold pieces
 72716 | D:10     | Killed Iniera's ghost
 72724 | D:10     | Identified the +4 flail "Myezon" {vamp, Dex+2}
 72964 | Snake:3  | Killed relicbr's ghost
 73431 | Vaults:2 | Killed Feshunla's ghost
 73451 | Vaults:2 | Identified the +11 war axe "Worm's Wrath" {protect,
                  | *Corrode rElec rPois rN+}
 73537 | Vaults:2 | Reached skill level 15 in Axes
 73561 | Vaults:2 | Identified the +1 pair of boots of the Bard {rPois Int+3
                  | SInv}
 74043 | Slime:1  | Entered Level 1 of the Pits of Slime
 74103 | Slime:2  | Found a viscous altar of Jiyva.
 74246 | Slime:5  | Entered Level 5 of the Pits of Slime
 74554 | Slime:5  | Found a viscous altar of Jiyva.
 74555 | Slime:5  | Noticed the Royal Jelly
 74571 | Slime:5  | Killed the Royal Jelly
 74571 | Slime:5  | Received a gift from Okawaru
 74571 | Slime:5  | Received a gift from Okawaru
 74572 | Slime:5  | Reached skill level 5 in Dodging
 74616 | Slime:5  | Received a gift from Okawaru
 74630 | Slime:5  | Reached XP level 25. HP: 174/241 MP: 30/32
 74654 | Slime:5  | Identified the +3 rapier of Instinct {freeze, *Rage rElec
                  | rCorr Dex+4}
 74673 | Slime:5  | Identified the amulet "Qumiuc" {Spirit SInv}
 74675 | Slime:5  | Got a slimy rune of Zot
 74698 | Slime:5  | Identified the staff of earth "Qixuemim" {Str+4 Int+3}
 74728 | Slime:5  | Got the Incunabulum of United Trauma
 74739 | Slime:5  | Got the Disquisition on Shifting Kindling
 74744 | Slime:5  | Got Piocwog's Vellum of the Destructive Compass
 74792 | Slime:5  | Identified the amulet of Jarphig {Rampage rF+ Regen+ Str-4
                  | Int+2}
 74793 | Slime:5  | Identified the amulet of the Devouring Coward {Acrobat
                  | Will+ Int+3 Stlth+}
 74794 | Slime:5  | Identified the ring "Zamulink" {Wiz *Slow rElec rN+ Int+7}
 75304 | Crypt:1  | Entered Level 1 of the Crypt
 75389 | Crypt:1  | Noticed Boris
 75403 | Crypt:1  | Killed Boris
 75526 | Crypt:1  | Identified the +5 scale mail "Qecon" {+Blink Int+3 Dex+2}
                  | (Okawaru gifted it to you on level 1 of the Crypt)
 75526 | Crypt:1  | Received a gift from Okawaru
 76006 | Crypt:1  | Noticed Grunn
 76023 | Crypt:1  | Killed Grunn
 76462 | Crypt:2  | Noticed an ancient lich
 76469 | Crypt:2  | Killed an ancient lich
 76470 | Crypt:2  | Reached skill level 10 in Dodging
 78047 | Snake:1  | Bought a manual of Evocations for 1120 gold pieces
 78680 | Crypt:3  | Entered Level 3 of the Crypt
 78822 | Arena    | Entered the Arena
 79014 | Crypt:3  | Received a gift from Okawaru
 79163 | Crypt:3  | Reached skill level 10 in Evocations
 79229 | Crypt:3  | Identified the +4 barding "Bufeceal" {Will+ Dex+4} (Okawaru
                  | gifted it to you on level 3 of the Crypt)
 79229 | Crypt:3  | Received a gift from Okawaru
 79350 | Crypt:3  | Learned a level 3 spell: Portal Projectile
 79359 | Crypt:3  | Identified the amulet of Nahu {Regen+ Dex+3}
 79766 | Crypt:3  | Noticed a dread lich
 79766 | Crypt:3  | Noticed an ancient lich
 79790 | Crypt:3  | Killed a dread lich
 79801 | Crypt:3  | Killed an ancient lich
 79802 | Crypt:3  | Noticed an ancient lich
 79802 | Crypt:3  | Noticed a dread lich
 79810 | Crypt:3  | Killed a dread lich
 79828 | Crypt:3  | Noticed Boris
 79840 | Crypt:3  | Killed Boris
 79844 | Crypt:3  | Reached XP level 26. HP: 192/255 MP: 9/32
 79961 | Crypt:3  | Identified the ring of the Devil's Team {Fly rPois rN+
                  | Int+2}
 79961 | Crypt:3  | Identified the ring of Sihiugae {rN+ Dex+5}
 79964 | Crypt:3  | Killed an ancient lich
 79969 | Crypt:3  | Got Cigotuvi's Grimoire of Ectoplasm
 79970 | Crypt:3  | Identified the +3 mace of Infinity {flame, rF++ Will++}
 79977 | Crypt:3  | Identified the +5 long sword of Hurhall {freeze, Will+
                  | Str+3}
 80271 | Crypt:3  | Found a staircase to the Tomb.
 80988 | Zot:1    | Noticed an orb of fire
 80994 | Zot:1    | Killed an orb of fire
 81927 | Vaults:2 | Bought a pair of embroidered gloves for 217 gold pieces
 82222 | Zot:2    | Found the +10 zealot's sword {holy, Zealotry, *Rage rN+
                  | EV+3}
 82284 | Zot:2    | Received a gift from Okawaru
 82301 | Zot:2    | Reached skill level 15 in Evocations
 82465 | Zot:2    | Noticed an orb of fire
 82476 | Zot:2    | Gained mutation: Your magical capacity is low. (-10% MP)
                  | [an orb of fire]
 82483 | Zot:2    | Killed an orb of fire
 82483 | Zot:2    | Identified the +1 barding of Death Resistance {rN+}
                  | (Okawaru gifted it to you on level 2 of the Realm of Zot)
 82483 | Zot:2    | Received a gift from Okawaru
 82529 | Zot:2    | Noticed an orb of fire
 82529 | Zot:2    | Noticed an orb of fire
 83594 | Zot:3    | Identified the +0 war axe of Destiny {flame, Fly rF- rC++
                  | rN+++}
 84172 | Zot:2    | Gained mutation: You sometimes lose your temper in combat.
                  | [an orb of fire]
 84190 | Zot:2    | Killed an orb of fire
 84190 | Zot:2    | Identified the +0 plate armour of the Cockatrice {Harm
                  | MP+9} (Okawaru gifted it to you on level 2 of the Realm of
                  | Zot)
 84190 | Zot:2    | Received a gift from Okawaru
 84222 | Zot:2    | Killed an orb of fire
 84403 | Zot:2    | Reached XP level 27. HP: 140/267 MP: 29/29
 85301 | Zot:4    | Lost mutation: You have supernaturally acute eyesight.
                  | (SInv) [potion of mutation]
 85301 | Zot:4    | Lost mutation: You sometimes lose your temper in combat.
                  | [potion of mutation]
 85301 | Zot:4    | Lost mutation: Your magical capacity is low. (-10% MP)
                  | [potion of mutation]
 85301 | Zot:4    | Gained mutation: Your body sometimes deteriorates upon
                  | taking damage. [potion of mutation]
 85301 | Zot:4    | Gained mutation: You occasionally shout uncontrollably at
                  | your foes. [potion of mutation]
 85301 | Zot:4    | Lost mutation: You occasionally shout uncontrollably at
                  | your foes. [potion of mutation]
 85301 | Zot:4    | Gained mutation: You have large cloven feet. [potion of
                  | mutation]
 85301 | Zot:4    | Gained mutation: You occasionally lose the ability to drink
                  | potions when taking damage. [potion of mutation]
 85301 | Zot:4    | Gained mutation: Your system is resistant to poisons.
                  | (rPois) [potion of mutation]
 85302 | Zot:4    | Lost mutation: You have large cloven feet. [potion of
                  | mutation]
 85302 | Zot:4    | Lost mutation: You occasionally lose the ability to drink
                  | potions when taking damage. [potion of mutation]
 85302 | Zot:4    | Lost mutation: Your body sometimes deteriorates upon taking
                  | damage. [potion of mutation]
 85302 | Zot:4    | Lost mutation: Your system is resistant to poisons. (rPois)
                  | [potion of mutation]
 85302 | Zot:4    | Gained mutation: You are somewhat resistant to further
                  | mutation. [potion of mutation]
 85302 | Zot:4    | Gained mutation: You are strong-willed. (Will+) [potion of
                  | mutation]
 85766 | Bazaar   | Entered a bazaar
 85782 | Bazaar   | Found Xaimath's Jewellery Emporium.
 85783 | Bazaar   | Found Fesud's Book Emporium.
 85826 | Bazaar   | Found Seps's Magic Scroll Shoppe.
 85826 | Bazaar   | Found Cutumom's Assorted Antiques.
 85834 | Bazaar   | Bought a scroll of enchant armour for 97 gold pieces
 85834 | Bazaar   | Bought a scroll of fog for 52 gold pieces
 85834 | Bazaar   | Bought a scroll of teleportation for 39 gold pieces
 85848 | Bazaar   | Bought a scorched platinum ring for 125 gold pieces
 85848 | Bazaar   | Identified the ring of Luasuoga {rElec Dex+6 Stlth+} (You
                  | bought it in a shop in a bazaar)
 85848 | Bazaar   | Bought a wand of roots (4) for 240 gold pieces
 85875 | Bazaar   | Bought the ring of Ickotyessa {rElec rPois rF+ Str+4} for
                  | 619 gold pieces
 86352 | Zot:5    | Entered Level 5 of the Realm of Zot
 86914 | Zot:4    | Identified the +4 robe "Pifa" {Will+ Str-2 Int+6 SInv
                  | Archmagi}
 88261 | Snake:2  | Bought a potion of haste for 330 gold pieces
 88549 | Vaults:1 | You paid a toll of 6 potions of haste to enter a treasure
                  | trove
 88550 | Trove    | Entered a treasure trove
 88568 | Trove    | Identified the ring "Jateryse" {rPois Int+5 Dex+6}
 88572 | Trove    | Identified the amulet "Yqossoe" {RegenMP Str+3}
 89307 | Zot:5    | Noticed an ancient lich
 89313 | Zot:5    | Killed an ancient lich
 89313 | Zot:5    | Noticed a dread lich
 89323 | Zot:5    | Killed a dread lich
 89324 | Zot:5    | Reached skill level 1 in Air Magic
 89326 | Zot:5    | Noticed an ancient lich
 89358 | Zot:5    | Killed an ancient lich
 89671 | Zot:5    | Noticed an ancient lich
 89683 | Zot:5    | Received a gift from Okawaru
 89684 | Zot:5    | Killed an ancient lich
 89729 | Zot:5    | Noticed a dread lich
 89743 | Zot:5    | Noticed an ancient lich
 89755 | Zot:5    | Killed a dread lich
 89761 | Zot:5    | Killed an ancient lich
 89887 | Zot:5    | Noticed an orb of fire
 89897 | Zot:5    | Killed an orb of fire
 89965 | Zot:5    | Noticed an orb of fire
 89982 | Zot:5    | Killed an orb of fire
 89982 | Zot:5    | Received a gift from Okawaru
 90023 | Zot:5    | Noticed an ancient lich
 90036 | Zot:5    | Killed an ancient lich
 90082 | Zot:5    | Reached skill level 5 in Air Magic
 90287 | Zot:5    | Noticed an ancient lich
 90316 | Zot:5    | Killed an ancient lich
 90788 | Zot:5    | Got the Orb of Zot
 91495 | D:$      | Escaped with the Orb!

Illustrated notes

Levels and vault maps discovered:
D:1:      eino_arrival_tree_alley, layout_rooms, nicolae_ecumenical_lake_church,
          serial_bayou_ford_a
D:2:      layout_rooms, roderic_roman_lattice, kennysheep_generic_room_2
D:3:      kennysheep_six_static_rooms, layout_rooms, uniq_ijyb, uniq_terence,
          uniq_natasha
D:4:      layout_basic, zin_treasury, slow_altar_1,
          mainiacjoe_overflow_alcove_2, mainiacjoe_overflow_six_doors_small
D:5:      layout_gridville, old_standard_altar
D:6:      layout_cave_pools, nicolae_lava_and_water
D:7:      layout_basic, minmay_temple_entry_junction_2, uniq_joseph
D:8:      layout_loops_ring, regret_index_temple_of_mockery, minivault_27,
          onia_ninara_dug_in_and_dangerous
D:9:      gammafunk_corrupted_shrine, layout_irregular_city,
          due_lair_maze_entry_diamond, water_boxes_lemuel
D:10:     layout_cave_pools, mainiacjoe_overflow_brackets,
          kiku_gazebo_garden_becter, fedhas_altar_2, gammafunk_ghost_ooze,
          uniq_fannar
D:11:     layout_irregular_city, david_orc_2, serial_column_ruins,
          column_ruins_open_small_water, column_ruins_open_small_water,
          column_ruins_grid_3
D:12:     layout_basic, gauntlet_entry_generic, cheibrodos_ashenzari_chains
D:13:     layout_irregular_city, kennysheep_generic_room_3
D:14:     layout_rooms, ximxim_vaults_locker_room, serial_shops, shop
D:15:     grunt_enter_depths_hoard, layout_rooms, nicolae_vehumet_altar_sigil,
          serial_shops, shop_fountains, lemuel_nasty_fountain, uniq_azrael,
          uniq_jorgrun, uniq_agnes
Temple:   nicolae_temple_hex_pool
Lair:1:   layout_cave_pods, grunt_forest_large_clearing_hut,
          lemuel_fruit_fields, grunt_megastairs_3
Lair:2:   layout_cave_pods, elwin_shoals_entry_rocks,
          minmay_snake_entry_spellcaster, basic_altar
Lair:3:   layout_cave_pods, infiniplex_staircase_pool_2, grunt_megastairs_2,
          lemuel_fruit_tree, uniq_amaemon
Lair:4:   layout_hall_layers, minmay_slime_entry_jelly_boxes,
          pdpol_lair_cavern_descent, serial_bayou_shore_b
Lair:5:   hellmonk_lair_end_abyssal_woods, layout_gridlike
Shoals:1: layout_shoals, serial_shops, statue_bzr,
          nicolae_shoals_kraken_intersection, uniq_nikola
Shoals:2: layout_shoals, serial_shops, shop, nicolae_take_the_stairs,
          uniq_polyphemus, uniq_ilsuiw
Shoals:3: layout_shoals, uniq_donald
Shoals:4: shoals_end_grunt_ice, layout_shoals
Snake:1:  nicolae_snake_crotalidae_crossing, layout_cave_pods, st_stairs_10,
          nicolae_shop_vocational
Snake:2:  nrook_guardian_serpent_snake_passage, layout_rooms, serial_shops,
          nicolae_shop_temple_entry_statues_fountains, basic_altar,
          grunt_ministairs_6, uniq_saint_roka
Snake:3:  layout_rooms, ebering_ghost_gozag, basic_altar, minmay_shop_grove
Snake:4:  snake_pit, layout_chambers, serial_shops, shop, st_stairs_1,
          nicolae_shop_firing_range, serial_bayou_shore_b
Slime:1:  layout_caves, amcnicky_altar_lugonu_corruption
Slime:2:  layout_caves, basic_altar
Slime:3:  cheibrodos_slime_lost_civilization_2, layout_caves
Slime:4:  layout_caves, nicolae_slime_rock_hall_of_fame
Slime:5
Orc:1:    layout_caves, uniq_gastronok
Orc:2:    kennysheep_orc_mage_school, layout_diamond_mine, basic_altar,
          mines2_david
Elf:1:    elf_arrival_001, layout_geoelf_octagon, minmay_elf_demonology,
          palyth_stone_intersect
Elf:2:    nicolae_elf_blades_splatter_lattice
          [nicolae_blade_entry_area_security], layout_geoelf_grid,
          portal_ice_cave_entry_pillars_three, grunt_ministairs_1, minivault_13
Elf:3:    elf_hall, layout_loops_cross
Vaults:1: vaults_standard_mumra_x, hangedman_vaults_stretched_pinwheel,
          vaults_dpeg_emergency_exit, v_rooms_4, hangedman_vaults_capsules,
          nicolae_vaults_sealed_display, v_misc_30,
          vaults_mumra_minichess_inversion, ontoclasm_vaults_hangar,
          nicolae_vaults_little_squares_4, layout_vaults_big_room,
          enter_trove_6, uniq_aizul
Vaults:2: gammafunk_ghost_spectres, minmay_crypt_entry_necro_gods, door_vault,
          ontoclasm_vaults_ring_small, vaults_room_hallway,
          ontoclasm_vaults_chip, vaults_room_grunt_arrival_checkpoint,
          vaults_room_fours, vaults_room_stairs_pillars, vaults_room_door_ring,
          layout_vaults_omnigrid, serial_shops, shop_statue, nicolae_shop_trees,
          uniq_frederick, uniq_margery
Vaults:3: v_alt_pattern_6, v_misc_15, st_spiral_rooms,
          vaults_room_stairs_pillars, hangedman_vaults_restitches,
          vaults_room_boxed, vaults_room_semicircle, v_alt_pattern_6,
          hangedman_vaults_stretched_pinwheel, vaults_mumra_chevron,
          layout_vaults_big_cross, uniq_jory
Vaults:4: ontoclasm_vaults_hangar, dpeg_vaults_monster_row, v_rooms_6,
          ontoclasm_vaults_spin, hangedman_vaults_stagger,
          gammafunk_dig_for_victory, ontoclasm_vaults_ring_large, v_misc_10,
          ontoclasm_vaults_decontamination, hangedman_vaults_trim,
          nicolae_vaults_diagonal_hallway_7, ontoclasm_vaults_loading_screen,
          ontoclasm_vaults_ring_small, nicolae_vaults_diagonal_hallway_9,
          ontoclasm_vaults_loading_screen, nicolae_vaults_little_squares_6,
          v_alt_pattern_3, layout_vaults_omnibox, serial_shops,
          nicolae_shop_overgrown_old_shop, nicolae_shop_statue_plus,
          nicolae_diamond_shop, uniq_mennas
Vaults:5: serial_shops
Crypt:1:  minmay_skeleton_keep, layout_misc_corridors, uniq_grunn, uniq_boris
Crypt:2:  layout_regular_city, serial_sigils_hangedman_carve,
          lemuel_dead_fish_pool
Crypt:3:  david_glass_crypt, layout_misc_corridors, tomb_entry_forgotten_bobbens
Depths:1: regret_index_qazlal_generations, layout_honeycomb, chequers_jeans,
          hell_entry, chequers_serial_rivers_large_a, nicolae_alphabet_shops,
          nicolae_elyvilon_temple_path, uniq_sojobo
Depths:2: kennysheep_treasure_stockpile, layout_small_grid, pan_entry,
          pf_coc_iceberg, grunt_decor_resistance, grunt_megastairs_4
Depths:3: minmay_gate_of_8, layout_honeycomb, enter_ziggurat_b, abyss_entry,
          hellmouth_3, tso_altar, xom_teletrap_fun, uniq_josephina
Depths:4: grunt_zot_entry_funnels, layout_basic, hell_entry,
          hangedman_abyss_entry_splay, serial_shops, nicolae_shop_trees,
          mu_enter_wizlab_3
Zot:1:    lemuel_firehouse, layout_concentric_octagons
Zot:2:    grunt_deathspiral_small, layout_concentric_octagons, st_stairs_13
Zot:3:    layout_basic, lemuel_elevator
Zot:4:    layout_basic
Zot:5:    layout_cathedral_of_symmetry

Skill      XL: |  1  2  3  4  5  6  7  8  9 10 11 12 13 14 15 16 17 18 19 20 21 22 23 24 25 26 27 |
---------------+----------------------------------------------------------------------------------+-----
Long Blades    | 3 |  3.5
Maces & Flails | 1 2 3 4 6 7 10 12 13 14 16 | 16.0
Stealth        | 3 5 6 7 |  7.0
Invocations    | 3 4 6 8 9 10 11 12 13 | 13.0
Throwing       | 1 5 6 7 10 12 13 15 16 | 16.0
Armour         | 7 9 11 13 15 16 19 20 21 23 24 | 24.0
Shields        | 2 4 11 12 13 17 20 21 24 | 24.2
Evocations     | 3 8 9 12 15 | 15.2
Fighting       | 4 7 9 12 14 15 16 18 20 21 22 | 22.0
Dodging        | 3 4 6 11 | 11.7
Translocations | 3 5 8 9 |  9.0
Spellcasting   | 2 |  2.0
Axes           | 11 15 | 15.6
Air Magic      | 6 |  6.0

Action                     |  1- 3 |  4- 6 |  7- 9 | 10-12 | 13-15 | 16-18 | 19-21 | 22-24 | 25-27 || total
---------------------------+-------+-------+-------+-------+-------+-------+-------+-------+-------++-------
  Melee: Falchion          |    32 |       |       |       |       |       |       |       |       ||    32
         Tailslap          |    14 |    10 |    90 |   180 |   366 |   505 |   409 |   555 |   670 ||  2799
         Whip              |    51 |   154 |   422 |   467 |       |       |       |       |       ||  1094
         Dagger            |       |     3 |     1 |     3 |       |       |       |       |       ||     7
         Punch             |       |     2 |     7 |     9 |       |       |       |       |       ||    18
         Flail             |       |       |    12 |   163 |       |       |       |       |       ||   175
         Demon whip        |       |       |       |   254 |  1855 |  2082 |  1705 |   988 |       ||  6884
         Broad axe         |       |       |       |       |       |       |       |  1030 |  1103 ||  2133
         Trishula          |       |       |       |       |       |       |       |       |  1542 ||  1542
  Throw: Dart              |       |       |     5 |    12 |     1 |     2 |     1 |       |       ||    21
         Boomerang         |       |       |       |    17 |    89 |   196 |   247 |   139 |    79 ||   767
         Javelin           |       |       |       |       |     9 |    16 |    88 |    63 |    40 ||   216
         Throwing net      |       |       |       |       |       |       |       |     1 |       ||     1
   Cast: Apportation       |       |       |       |       |       |       |     3 |       |       ||     3
         Portal Projectile |       |       |       |       |       |       |       |       |     2 ||     2
 Invoke: Heroism           |       |       |       |     6 |    11 |    10 |     9 |    10 |     7 ||    53
         Finesse           |       |       |       |       |     1 |       |     3 |     2 |     2 ||     8
         Duel              |       |       |       |       |       |     1 |       |       |     1 ||     2
  Evoke: Wand              |       |       |       |     2 |     8 |     9 |     5 |     4 |     1 ||    29
         Phial of floods   |       |       |       |       |     2 |     2 |     3 |       |       ||     7
         Tin of tremorston |       |       |       |       |       |     4 |     2 |     2 |       ||     8
         Condenser vane    |       |       |       |       |       |       |       |     6 |       ||     6
    Use: Potion            |       |     3 |     2 |       |     4 |     2 |     6 |     1 |     4 ||    22
         Scroll            |       |     2 |     8 |     9 |    13 |    11 |     8 |    12 |     4 ||    67
   Stab: Sleeping          |     3 |     6 |     7 |     4 |     9 |       |       |       |       ||    29
         Distracted        |       |       |       |     2 |     1 |       |       |       |     1 ||     4
         Held in net/web   |       |       |       |       |       |       |       |     4 |       ||     4
 Armour: Robe              |    24 |    24 |       |       |       |       |       |       |       ||    48
         Ring mail         |     6 |       |       |   117 |   713 |       |       |       |       ||   836
         Skin              |       |     3 |       |       |       |       |     3 |       |     5 ||    11
         Leather armour    |       |    40 |   115 |   214 |    47 |       |       |       |       ||   416
         Chain mail        |       |       |       |       |   159 |       |       |       |       ||   159
         Crystal plate arm |       |       |       |       |    81 |  1429 |   739 |   611 |       ||  2860
         Plate armour      |       |       |       |       |    44 |       |       |       |       ||    44
         Gold dragon scale |       |       |       |       |       |       |       |   104 |   759 ||   863
  Dodge: Dodged            |    44 |    87 |   138 |   186 |   501 |   229 |   170 |   249 |   514 ||  2118
  Block: Buckler           |       |       |       |    65 |   309 |   117 |       |       |       ||   491
         Kite shield       |       |       |       |       |       |   830 |   967 |       |       ||  1797
         Reflection        |       |       |       |       |       |    63 |    85 |    42 |    30 ||   220
         Tower shield      |       |       |       |       |       |       |   187 |  1809 |  2531 ||  4527

Table legend: (Time is in decaauts)
 A = Elapsed time spent in this place.
 B = Non-inter-level travel time spent in this place.
 C = Inter-level travel time spent in this place.
 D = Time resting spent in this place.
 E = Time spent auto-exploring this place.
 F = Levels seen in this place.
 G = Mean time per level.
                   A        B        C        D        E       F      G
               +--------+--------+--------+--------+--------+-----+--------+
         Total |  86797 |  69392 |  17405 |  17338 |  33367 |  65 | 1335.3 |
       Dungeon |  22010 |  16310 |   5700 |   4913 |   8090 |  15 | 1467.3 |
        Temple |      1 |      1 |      0 |      0 |      0 |   1 |    1.0 |
          Lair |  12645 |  10534 |   2111 |   4058 |   4159 |   5 | 2529.0 |
        Shoals |   5620 |   5105 |    515 |   1680 |   2102 |   4 | 1405.0 |
     Snake Pit |   7765 |   6112 |   1653 |   1408 |   2996 |   4 | 1941.2 |
    Slime Pits |    855 |    736 |    119 |    178 |    245 |   5 |  171.0 |
  Orcish Mines |   3280 |   2682 |    598 |   1026 |   1056 |   2 | 1640.0 |
   Elven Halls |   3393 |   3004 |    389 |    578 |   1654 |   3 | 1131.0 |
        Vaults |  11035 |   7956 |   3079 |   1008 |   4524 |   5 | 2207.0 |
         Crypt |   3862 |   3472 |    390 |    502 |   1812 |   3 | 1287.3 |
        Depths |   6806 |   5290 |   1516 |    734 |   2607 |   4 | 1701.5 |
           Zot |   8072 |   6741 |   1331 |   1033 |   3606 |   5 | 1614.4 |
         Abyss |    141 |    141 |      0 |     18 |      0 |   3 |   47.0 |
        Bazaar |    128 |    128 |      0 |      0 |     78 |   1 |  128.0 |
         Trove |     32 |     32 |      0 |      0 |      4 |   1 |   32.0 |
      Ice Cave |    416 |    416 |      0 |     65 |    138 |   1 |  416.0 |
      Gauntlet |    684 |    684 |      0 |    121 |    294 |   1 |  684.0 |
         Arena |     42 |     42 |      0 |     12 |      0 |   2 |   21.0 |
               +--------+--------+--------+--------+--------+-----+--------+

Top non-repeatable levels by time:
  Lair:2: 3462 daAuts
Vaults:1: 2970 daAuts
  Lair:1: 2967 daAuts
    D:14: 2967 daAuts
 Snake:1: 2559 daAuts
Vaults:2: 2540 daAuts
   Zot:5: 2327 daAuts
     D:9: 2305 daAuts
    D:15: 2290 daAuts
  Lair:4: 2230 daAuts
 Snake:4: 2170 daAuts
  Lair:5: 2158 daAuts
Vaults:4: 2126 daAuts
Depths:1: 2100 daAuts
 Snake:2: 2086 daAuts
